 Seeded DCSS version 0.30-a0-613-gdd512c7efb (webtiles) character file.

Game seed: 9845822215292249863 (custom seed)

35 OTABOTABOTAB the Insei (level 3, 23/23 HPs)
             Began as an Octopode Transmuter on Jan 9, 2023.
             Quit the game on level 1 of the Dungeon.
             The game lasted 00:01:28 (809 turns).

OTABOTABOTAB the Insei (Octopode Transmuter)         Turns: 809, Time: 00:01:29

Health: 23/23      AC:  1    Str:  9    XL:     3   Next: 33%
Magic:  6/6        EV: 28    Int: 17    God:
Gold:   31         SH:  0    Dex: 12    Spells: 5/6 levels left

rFire   . . .      SeeInvis .      - Unarmed
rCold   . . .      Faith    .    (no shield)
rNeg    . . .      Spirit   .    (helmet restricted)
rPois   .          Reflect  .    d - amulet of the acrobat
rElec   .          Harm     .    W - ring of willpower
rCorr   .          Rampage  .    (no ring)
Will    +....                    (no ring)
Stlth   ++                       (no ring)
HPRegen 0.23/turn                (no ring)
MPRegen 0.10/turn                (no ring)
                                 (no ring)
                                 (no ring)

@: acrobatic
A: almost no armour, amphibious, 8 rings, camouflage 1, gelatinous body 1,
(nimble swimmer 1), tentacles
a: no special abilities


You were on level 1 of the Dungeon.
You visited 1 branch of the dungeon, and saw 1 of its levels.

You collected 31 gold pieces.

Inventory:

Missiles
 a - 5 poisoned darts
 s - 6 stones (quivered)
Magical Staves
 e - a staff of conjuration
   (You found it on level 1 of the Dungeon)
Jewellery
 d - an amulet of the acrobat (around mantle)
   (You found it on level 1 of the Dungeon)
 W - a ring of willpower (left tentacle)
   (You found it on level 1 of the Dungeon)
Scrolls
 f - 2 scrolls of fog
Potions
 b - a potion of curing {unknown}
 g - a potion of magic {unknown}
 h - a potion of heal wounds {unknown}
 P - a potion of lignification {!q}


   Skills:
 + Level 1.6 Fighting
 + Level 2.3 Dodging
 + Level 3.2 Unarmed Combat
 + Level 2.3 Spellcasting
 + Level 2.4 Transmutations


You had 5 spell levels left.
You knew the following spells:

 Your Spells              Type           Power      Damage    Failure   Level
a - Beastly Appendage     Tmut           20%        N/A       7%          1

Your spell library contained the following spells:

 Spells                   Type           Power      Damage    Failure   Level
 Wereblood                Tmut           10%        N/A       11%         2
 Spider Form              Tmut/Pois      6%         N/A       34%         3
 Ice Form                 Ice/Tmut       6%         N/A       75%         4


Dungeon Overview and Level Annotations

Branches:
Dungeon (1/15)

Altars:


Innate Abilities, Weirdness & Mutations

You cannot wear most types of armour.
You are amphibious.
You can wear up to eight rings at the same time.
Your skin changes colour to match your surroundings (Stealth+).
Your rubbery body absorbs attacks. (AC +1, EV +1)
((You are camouflaged when in or above water. (Stealth+)))
You have tentacles for arms and can constrict up to eight enemies at once.


Message History

You throw a stone.
The stone hits the endoplasm but does no damage.
The endoplasm quivers.
You throw a stone. The stone hits the endoplasm.
You tentacle-slap the endoplasm. Your squeeze misses the endoplasm.
The endoplasm hits you but does no damage.
You tentacle-slap the endoplasm.
You squeeze the endoplasm, but do no damage.
You tentacle-slap the endoplasm.
You kill the endoplasm!
No target in view!
You open the door.
There is an open door here.
You open the door.
There is an open door here.
A goblin comes into view. It is wielding a +0 dagger.
A dart slug comes into view.
The helpless goblin fails to defend itself.
You tentacle-slap the goblin. You grab the goblin. You constrict the goblin.
The goblin closely misses you.
The dart slug briefly extends its eye-stalks.
Unknown command.
You tentacle-slap the goblin. You constrict the goblin.
You kill the goblin!
You see here a +0 dagger.
The dart slug bites you.
You take 1 damage, and have 22/23 hp.
Unknown command.
You tentacle-slap the dart slug but do no damage.
You grab the dart slug. You squeeze the dart slug! You constrict the dart slug.
The dart slug bites you but does no damage.
You tentacle-slap the dart slug.
You kill the dart slug!
No target in view!
No target in view!
A frilled lizard comes into view.
You see here an amulet of the acrobat.
Health restored: 23
d - an amulet of the acrobat You start putting on your amulet.
You continue putting on your amulet of the acrobat. x5
The frilled lizard misses you.
You finish putting on your amulet of the acrobat.
You feel ready to tumble and roll out of harm's way.
d - an amulet of the acrobat (around mantle)
A frilled lizard is nearby!
You tentacle-slap the frilled lizard.
You kill the frilled lizard!
No target in view!
No target in view!
Unknown command.
No target in view!
No target in view!
A ball python comes into view.
Unknown command.
The helpless ball python fails to defend itself.
You tentacle-slap the ball python. Your grab misses the ball python.
You tentacle-slap the ball python.
You kill the ball python!
No target in view!
No target in view!
No target in view!
You open the door.
A quokka comes into view.
Things that are here:
2 scrolls of fog; a staff of conjuration
e - a staff of conjuration;
f - 2 scrolls of fog You barely miss the quokka.
You grab the quokka. You squeeze the quokka.
You kill the quokka!
Unknown command.
No target in view!
No target in view!
W - a ring of willpower
W - a ring of willpower (left tentacle)
g - a lumpy sapphire potion
s - 6 stones (quivered)
There is an open door here.
You open the door.
There is an open door here.
You enter the shallow water.
You enter the shallow water.
h - a metallic pink potion
Found a stone staircase leading down.
There is a stone staircase leading down here.
Done exploring.
Done exploring.
Done exploring.
Done exploring.
As you read the scroll labelled LUCLEW RICIK, it crumbles to dust.
A profound silence engulfs you.
It was a scroll of silence.
Unknown command.
You start waiting.
Your hearing returns.
You start waiting.
Done waiting.
Okay, then.
Saving game... please wait.
Bad channel name for runrest: 'Jiyva says: Divide and consume' Welcome back, OTABOTABOTAB the Octopode Transmuter.
Game seed: 9845822215292249863 (custom seed)

#................##.##..#....
#...............)##.#...'....
#................##.#..##....
#############....##.....'....
#....####.###.... #....# #.#
#.... #....# #.# #....
####....####+###....
#..@.......†..##....
#.............##....
#.............##....
#.............######
#.............#
############.## ##### #.#
#...# #.#######
#...###.......#


There were no monsters in sight!

Vanquished Creatures
  A gnoll (D:1)
  2 dart slugs (D:1)
  2 endoplasms (D:1)
  A giant cockroach (D:1)
  2 goblins (D:1)
  2 kobolds (D:1)
  A quokka (D:1)
  2 ball pythons (D:1)
  5 bats (D:1)
  A frilled lizard (D:1)
  A rat (D:1)
20 creatures vanquished.

Notes
Turn   | Place    | Note
-------+----------+-------------------------------------------
     0 | D:1      | OTABOTABOTAB the Octopode Transmuter began the quest for
                  | the Orb.
     0 | D:1      | Reached XP level 1. HP: 13/13 MP: 3/3
   156 | D:1      | Reached XP level 2. HP: 18/18 MP: 5/5
   317 | D:1      | Reached XP level 3. HP: 23/23 MP: 6/6
   809 | D:1      | Quit the game

Illustrated notes

Levels and vault maps discovered:
D:1:      giann_bridges, layout_basic

Action                   || total
-------------------------++-------
Melee: Unarmed           ||    43
       Constrict         ||    13
       Kick              ||     2
       Tentacles         ||     9
       Punch             ||     1
Throw: Stone             ||     8
 Cast: Beastly Appendage ||     2
 Abil: End Transformatio ||     2
  Use: Scroll            ||     4
 Stab: Sleeping          ||    10
Armor: Skin              ||     7
Dodge: Dodged            ||    24

Table legend: (Time is in decaauts)
 A = Elapsed time spent in this place.
 B = Non-inter-level travel time spent in this place.
 C = Inter-level travel time spent in this place.
 D = Time resting spent in this place.
 E = Time spent auto-exploring this place.
 F = Levels seen in this place.
 G = Mean time per level.
                   A        B        C        D        E       F      G
               +--------+--------+--------+--------+--------+-----+--------+
         Total |    806 |    806 |      0 |    137 |    534 |   1 |  806.0 |
       Dungeon |    806 |    806 |      0 |    137 |    534 |   1 |  806.0 |
               +--------+--------+--------+--------+--------+-----+--------+

Top non-repeatable levels by time:
     D:1: 806 daAuts

Table legend:
 A = Kills in this place as a percentage of kills in entire the game.
 B = Kills by you in this place as a percentage of kills by you in the entire game.
 C = Kills by friends in this place as a percentage of kills by friends in the entire game.
 D = Other kills in this place as a percentage of other kills in the entire game.
 E = Experience gained in this place as a percentage of experience gained in the entire game.
 F = Experience gained in this place divided by the number of levels of this place that you have seen.
                   A       B       C       D       E      F
               +-------+-------+-------+-------+-------+----------------------
         Total | 100.0 | 100.0 |   N/A |   N/A | 100.0 |  50.0
       Dungeon | 100.0 | 100.0 |   N/A |   N/A | 100.0 |  50.0
               +-------+-------+-------+-------+-------+----------------------
